Map: Orbital Shipyard

Players

Fekeff

  • Race: Terran Terran
  • League: Diamond

LilDicky - Winner!

  • Race: Terran Terran
  • League: Diamond

VOD

http://www.twitch.tv/tumescentpie

Description

Time

  • Played on: Dec. 24, 2015, 9:48 p.m.
  • Length: 5:08
Show
View Real Time Build Order
Export as new Build Order

Fekeff Terran 

Build Orders:  

Get SALT Encoding   

  12  0:00  SCV  
  13  0:13  SCV  
  14  0:17  Supply Depot  
  14  0:25  SCV  
  15  0:29  Refinery  
  15  0:39  SCV  
  16  0:45  Barracks  
  16  0:51  SCV  
  17  1:03  SCV  
  18  1:15  SCV  
  18  1:17  Barracks  
  19  1:25  Barracks  
  19  1:32  Reaper  
  20  1:40  SCV  
  20  1:44  Refinery  
  21  1:54  Refinery  
  21  1:57  Supply Depot  
  21  2:05  Reaper x2  
  22  2:13  Reaper  
  23  2:23  SCV  
  23  2:26  Supply Depot  
  24  2:37  Reaper  
  24  2:38  Reaper  
  24  2:40  Barracks  
  24  2:43  SCV  
  27  2:48  Reaper  
  28  2:56  Supply Depot  
  28  3:09  Reaper  
  28  3:10  Reaper  
  29  3:21  Reaper  
  30  3:30  Reaper  
  30  3:32  SCV  
  31  3:44  SCV  
  30  3:52  Reaper x2  
  30  3:53  Reaper  
  30  3:55  Supply Depot  
  32  3:56  Barracks  
  32  4:03  Orbital Command  
  32  4:05  Reaper  
  32  4:37  Command Center  
  30  4:49  Factory  
Show
View Real Time Build Order
Export as new Build Order

LilDicky Terran - Winner!

Build Orders: 1/1/1 

Get SALT Encoding   

  12  0:02  SCV  
  13  0:14  SCV  
  13  0:19  Supply Depot  
  14  0:27  SCV  
  15  0:28  Refinery  
  15  0:41  SCV  
  16  0:45  Barracks  
  16  0:56  SCV  
  17  1:08  SCV  
  18  1:21  SCV  
  19  1:34  Marine  
  19  1:37  Supply Depot  
  19  1:39  Orbital Command  
  20  1:43  Factory  
  20  1:52  Marine  
  21  2:09  SCV  
  21  2:10  Marine  
  23  2:20  Refinery  
  23  2:24  SCV  
  23  2:28  Factory Tech Lab, Starport  
  24  2:30  Marine  
  24  2:36  SCV  
  26  2:39  Barracks  
  26  2:40  Supply Depot  
  26  2:47  Marine  
  26  2:48  SCV  
  28  2:58  Supply Depot  
  28  3:00  SCV  
  28  3:03  Siege Tank  
  28  3:05  Marine  
  32  3:12  SCV  
  33  3:24  Viking  
  33  3:26  Marine  
  31  3:44  Marine  
  31  3:45  Marine  
  32  3:56  Siege Tank  
  32  3:59  SCV  
  32  4:02  Marine  
  37  4:03  Starport Tech Lab, Marine  
  38  4:11  SCV  
  39  4:19  Marine  
  39  4:21  Marine  
  39  4:23  SCV  
  44  4:35  SCV  
  44  4:37  Marine  
  45  4:38  Marine  
  46  4:48  SCV  
  46  4:51  Command Center  
Tags
 
Add a new tag
Caveats
  • Supply blocks, unpowered buildings, or Contaminate may cause inaccurate times.
  • Supply counts are checked every 10 seconds.